 Dungeon Crawl Stone Soup version 0.32-a0-673-g3729bd5 (webtiles) character file.

Game seed: 4724438444147501948

2057548 Dhd the Hoplite (level 27, 149/149 HPs)
             Began as a Vine Stalker Brigand on Mar 10, 2024.
             Was an Elder of Wu Jian.
             Escaped with the Orb
             ... and 3 runes
             ... and 1 gem!
             The game lasted 04:17:40 (52043 turns).

Dhd the Hoplite (Vine Stalker Brigand)             Turns: 52043, Time: 04:17:41

Health: 149/149    AC: 27    Str: 23    XL:     27
Magic:  59/59      EV: 35    Int:  7    God:    Wu Jian [****..]
Gold:   5972       SH: 36    Dex: 35    Spells: 62/62 levels left

rFire   + + .        a - +9 quick blade (freeze)
rCold   + . .        d - +7 tower shield
rNeg    + . .        R - +3 chain mail "Hiefrubb" {-Cast Rampage rElec Int-3}
rPois   +            p - +2 helmet {SInv}
rElec   +            S - scarf {rC+ rF+}
rCorr   .            n - +2 pair of gloves {Dex+3}
SInv    +            O - +1 pair of boots of Greed {+Inv rPois rF+ MP+9}
Will    +++++        F - amulet of the Devil's Advocate {Regen+ Dex+5}
Stlth   +            D - ring "Haecem" {rPois rN+ Will+ Str+2 Int-3}
HPRegen 2.04/turn    W - ring of Joy {Will+ MP+9 Str+4 Int+2}
MPRegen 0.36/turn

%: no spellcasting, clarity, guardian spirit, rampage
@: in a heavenly storm, glowing, studying Shapeshifting
A: fangs 3, regeneration 1, magic shield, antimagic bite, no potion heal 2,
clarity, low MP 1, electricity resistance
0: Orb of Zot
}: 3/15 runes: decaying, serpentine, silver
a: Renounce Religion, Evoke Invisibility, Wall Jump, Serpent's Lash


You escaped.
You worshipped Wu Jian.
Wu Jian was greatly pleased with you.
You visited 10 branches of the dungeon, and saw 48 of its levels.
You also visited: Bailey, Gauntlet and Ice Cave.

You collected 10078 gold pieces.
You spent 4106 gold pieces at shops.

Inventory:

Hand Weapons
 a - a +9 quick blade of freezing (weapon)
 b - a +7 quick blade of electrocution
Missiles
 y - a throwing net (quivered) {!f}
Armour
 d - a +7 tower shield (worn)
 e - the +2 pair of slick slippers {slick, slippery, EV+4}
   (You found it on level 1 of the Swamp)

   Slick:     Its wearer cannot be constricted, engulfed, netted, webbed, or
   stopped by binding sigils.
   Slippery:  Its wearer slips away from damaging melee attacks, pulling the
   attacker onward.
   EV+4:      It affects your evasion (+4).
 n - a +2 pair of gloves of dexterity (worn)
 p - a +2 helmet of see invisible (worn)
 L - the +5 gold dragon scales of Gestures {rPois rF+ rC+ rCorr Int-4 Dex+5}
   (You acquired it on level 1 of the Snake Pit)

   Int-4:     It affects your intelligence (-4).
   Dex+5:     It affects your dexterity (+5).
   rF+:       It protects you from fire.
   rC+:       It protects you from cold.
   rPois:     It protects you from poison.
   rCorr:     It protects you from acid and corrosion.
 O - the +1 pair of boots of Greed (worn) {+Inv rPois rF+ MP+9}
   (You found it on level 3 of the Elven Halls)

   rF+:       It protects you from fire.
   rPois:     It protects you from poison.
   MP+9:      It affects your magic capacity (+9).
   +Inv:      It lets you turn invisible.
 R - the +3 chain mail "Hiefrubb" (worn) {-Cast Rampage rElec Int-3}
   (You found it on level 1 of the Swamp)

   Int-3:     It affects your intelligence (-3).
   rElec:     It insulates you from electricity.
   -Cast:     It prevents spellcasting.
   Rampage:   It bestows one free step when moving towards enemies.
 S - a scarf of resistance (worn)
Jewellery
 m - a +4 ring of slaying
 D - the ring "Haecem" (left hand) {rPois rN+ Will+ Str+2 Int-3}
   (You found it in a Gauntlet)

   [ring of willpower]

   Str+2:     It affects your strength (+2).
   Int-3:     It affects your intelligence (-3).
   rPois:     It protects you from poison.
   rN+:       It protects you from negative energy.
   Will+:     It increases your willpower.
 F - the amulet of the Devil's Advocate (around neck) {Regen+ Dex+5}
   (You found it on level 5 of the Vaults)

   [amulet of regeneration]

   Dex+5:     It affects your dexterity (+5).
   Regen+:    It increases your rate of health regeneration.
 N - the ring "Loogopn" {rElec rN+}
   (You found it on level 3 of the Vaults)

   [ring of positive energy]

   rElec:     It insulates you from electricity.
   rN+:       It protects you from negative energy.
 W - the ring of Joy (right hand) {Will+ MP+9 Str+4 Int+2}
   (You found it on level 3 of the Lair of Beasts)

   [ring of magical power]

   Str+4:     It affects your strength (+4).
   Int+2:     It affects your intelligence (+2).
   Will+:     It increases your willpower.
   MP+9:      It affects your magic capacity (+9).
Wands
 i - a wand of quicksilver (47)
 s - a wand of paralysis (69)
 x - a wand of flame (75)
 A - a wand of warping (65)
 B - a wand of mindburst (31)
 P - a wand of polymorph (23)
 X - a wand of digging (8)
Scrolls
 f - 2 scrolls of enchant armour
 k - 10 scrolls of amnesia
 l - 19 scrolls of teleportation
 o - 10 scrolls of vulnerability
 r - 10 scrolls of blinking
 u - 4 scrolls of poison
 v - 3 scrolls of torment
 w - 6 scrolls of silence {!r}
 E - 12 scrolls of fog
 G - a scroll of summoning
 H - 7 scrolls of immolation
 U - 10 scrolls of fear
Potions
 g - 3 potions of mutation
 h - 13 potions of curing {@q1}
 j - 5 potions of haste
 q - 6 potions of cancellation
 z - 4 potions of enlightenment
 C - 7 potions of invisibility
 I - 7 potions of berserk rage {!q}
 Q - 5 potions of resistance
 T - 12 potions of lignification
 V - 3 potions of magic
 Y - 3 potions of might
 Z - 7 potions of brilliance
Miscellaneous
 c - a phantom mirror
 J - a box of beasts
 K - a phial of floods
 M - a lightning rod (4/4)


   Skills:
 - Level 17.0 Fighting
 - Level 14.0 Short Blades
 - Level 2.0 Throwing
 - Level 18.0 Armour
 + Level 17.6 Dodging
 - Level 12.0 Stealth
 + Level 23.3 Shields
 - Level 18.0 Spellcasting
 - Level 14.0 Evocations


You had 62 spell levels left.
You didn't know any spells.
Your spell library contained the following spells:

 Spells                   Type           Power      Damage    Failure   Level
 Foxfire                  Conj/Fire      24%        2x1d5     30%         1
 Kiss of Death            Conj/Necr      24%        2d7       30%         1
 Magic Dart               Conj           24%        1d4       30%         1
 Necrotise                Necr           24%        1d5       30%         1
 Sandblast                Erth           12%        2d6       30%         1
 Sting                    Conj/Alch      24%        1d4       30%         1
 Summon Small Mammal      Summ           24%        N/A       30%         1
 Blink                    Tloc           12%        N/A       43%         2
 Call Imp                 Summ           12%        N/A       43%         2
 Cigotuvi's Dreadful Rot  Necr/Alch/Air  12%        N/A       43%         2
 Ensorcelled Hibernation  Hex/Ice        12%        N/A       43%         2
 Jinxbite                 Hex            12%        N/A       43%         2
 Lesser Beckoning         Tloc           12%        N/A       43%         2
 Momentum Strike          Conj/Tloc      12%        3d8       43%         2
 Scorch                   Fire           12%        2d5       43%         2
 Searing Ray              Conj           12%        2d4       43%         2
 Static Discharge         Conj/Air       12%        3-4/arc   43%         2
 Sublimation of Blood     Necr           6%         N/A       43%         2
 Confusing Touch          Hex            6%         N/A       67%         3
 Dazzling Flash           Conj/Hex       12%        N/A       67%         3
 Fugue of the Fallen      Necr           6%         N/A       67%         3
 Gell's Gravitas          Tloc           6%         N/A       67%         3
 Hailstorm                Conj/Ice       6%         3d5       67%         3
 Inner Flame              Hex/Fire       6%         N/A       67%         3
 Mephitic Cloud           Conj/Alch/Air  6%         N/A       67%         3
 Ozocubu's Armour         Ice            6%         N/A       67%         3
 Passwall                 Erth           6%         N/A       67%         3
 Stone Arrow              Conj/Erth      12%        3d7       67%         3
 Summon Ice Beast         Ice/Summ       6%         N/A       67%         3
 Swiftness                Air            6%         N/A       67%         3
 Teleport Other           Tloc           6%         N/A       67%         3
 Vampiric Draining        Necr           6%         2d6       67%         3
 Volatile Blastmotes      Fire/Tloc      12%        2d11      67%         3
 Anguish                  Hex/Necr       3%         N/A       97%         4
 Animate Armour           Summ/Erth      12%        N/A       97%         4
 Animate Dead             Necr           6%         N/A       97%         4
 Brom's Barrelling Bould  Conj/Erth      6%         2d3       97%         4
 Cause Fear               Hex            3%         N/A       97%         4
 Dimensional Bullseye     Hex/Tloc       3%         N/A       97%         4
 Dispel Undead            Necr           6%         3d8       97%         4
 Flame Wave               Conj/Fire      6%         2d5       97%         4
 Fulminant Prism          Conj/Alch      3%         3d5       97%         4
 Iskenderun's Mystic Bla  Conj/Tloc      6%         2d4       97%         4
 Leda's Liquefaction      Alch/Erth      3%         N/A       97%         4
 Manifold Assault         Tloc           6%         N/A       97%         4
 Martyr's Knell           Necr/Summ      6%         N/A       97%         4
 Olgreb's Toxic Radiance  Alch           6%         N/A       97%         4
 Passage of Golubria      Tloc           6%         N/A       97%         4
 Petrify                  Alch/Erth      6%         N/A       97%         4
 Sticky Flame             Fire/Alch      6%         2d4       97%         4
 Summon Blazeheart Golem  Fire/Summ      6%         N/A       97%         4
 Summon Lightning Spire   Summ/Air       6%         N/A       97%         4
 Vhi's Electric Charge    Tloc/Air       12%        N/A       97%         4
 Arcjolt                  Conj/Air       3%         1d13      100%        5
 Curse of Agony           Necr           6%         N/A       100%        5
 Freezing Cloud           Conj/Ice/Air   3%         6-21      100%        5
 Irradiate                Conj/Alch      3%         3d12      100%        5
 Lee's Rapid Deconstruct  Erth           3%         3d5*      100%        5
 Metabolic Englaciation   Hex/Ice        3%         N/A       100%        5
 Silence                  Hex/Air        3%         N/A       100%        5
 Summon Forest            Summ/Tloc      3%         N/A       100%        5
 Summon Mana Viper        Hex/Summ       6%         N/A       100%        5
 Yara's Violent Unravell  Hex/Alch       3%         3d4       100%        5
 Bombard                  Conj/Erth      3%         9d1       100%        6
 Conjure Ball Lightning   Conj/Air       3%         3x3d6     100%        6
 Death Channel            Necr           3%         N/A       100%        6
 Dispersal                Tloc           3%         N/A       100%        6
 Plasma Beam              Fire/Air       3%         2x1d13    100%        6
 Sculpt Simulacrum        Ice/Alch       3%         N/A       100%        6
 Starburst                Conj/Fire      3%         6d3       100%        6
 Summon Cactus Giant      Summ           3%         N/A       100%        6
 Enfeeble                 Hex            3%         N/A       100%        7
 Haunt                    Necr/Summ      3%         N/A       100%        7
 Malign Gateway           Summ/Tloc      3%         N/A       100%        7
 Monstrous Menagerie      Summ           3%         N/A       100%        7
 Orb of Destruction       Conj           3%         9d5       100%        7
 Ozocubu's Refrigeration  Ice            3%         4d8       100%        7
 Spellforged Servitor     Conj/Summ      3%         N/A       100%        7
 Discord                  Hex            3%         N/A       100%        8
 Disjunction              Tloc           3%         N/A       100%        8
 Infestation              Necr           3%         N/A       100%        8
 Lehudib's Crystal Spear  Conj/Erth      3%         10d2      100%        8
 Maxwell's Capacitive Co  Air            3%         ∞         100%        8
 Summon Horrible Things   Summ           3%         N/A       100%        8
 Chain Lightning          Conj/Air       3%         3d4       100%        9
 Dragon's Call            Summ           3%         N/A       100%        9
 Fire Storm               Conj/Fire      3%         8d1       100%        9
 Shatter                  Erth           3%         3d7*      100%        9


Dungeon Overview and Level Annotations

Branches:
Dungeon (15/15)            Temple (1/1) D:4            Lair (5/5) D:11
  Swamp (4/4) Lair:2        Snake (4/4) Lair:2        Slime (0/5) Lair:5
    Orc (2/2) D:9             Elf (3/3) Orc:2        Vaults (5/5) D:13
  Crypt (0/3) Vaults:3     Depths (4/4) D:15            Zot (5/5) Depths:4
 Bailey (visited)           IceCv (visited)         Gauntlet (visited)

Altars:
Ashenzari
Cheibriados
Dithmenos
Elyvilon
Fedhas
Gozag
Hepliaklqana
Kikubaaqudgha
Makhleb
Nemelex Xobeh
Okawaru
Qazlal
Ru
Sif Muna
Trog
Uskayaw
Vehumet
Wu Jian
Xom
Yredelemnul
Zin
The Shining One
Beogh
Jiyva
Lugonu

Shops:
D:5 *([[[*   D:9 ?[   Orc:1 (   Orc:2 *([(   Elf:1 :   Elf:2 :   Elf:3 ![:
Snake:3 *   Snake:4 ::[!   Vaults:1 :   Vaults:2 (:!   Vaults:3 [

Portals:
Hell: Depths:1 Depths:2 Depths:3 Depths:4
Abyss: Lair:5 Depths:1 Depths:3
Pandemonium: Depths:2
Ziggurat: Depths:3
Trove: Vaults:4 (give +8 demon whip)

Annotations:
Zot:5 6 transporters


Innate Abilities, Weirdness & Mutations

You have razor-sharp teeth.
Your natural rate of healing is unusually fast.
When hurt, damage is shared between your health and your magic reserves.
Your bite disrupts and absorbs the magic of your enemies.
Potions cannot restore your health.
You possess an exceptional clarity of mind.
Your magical capacity is low. (-10% MP)
You are resistant to electric shocks. (rElec)


Message History

You hit the seraph but do no damage.
The seraph is almost dead.
The seraph shouts a warning to its allies!
The angel falters for a moment.
The seraph falters for a moment.
You spin and attack the seraph repeatedly.
You miss the seraph. You bite the seraph!
The seraph's magic leaks into the air.
You drain its magic. You barely miss the seraph.
The seraph is almost dead.
You puncture the seraph! You freeze the seraph.
You kill the seraph!
The Council accepts your kill.
You spin and attack the angel repeatedly.
You hit the angel but do no damage. Your bite misses the angel.
You closely miss the angel.
The angel is severely wounded.
You closely miss the angel. Your bite misses the angel. You puncture the angel!
You freeze the angel.
The angel is almost dead.
You block the angel's attack. x2
You spin and attack the angel repeatedly.
You miss the angel. Your bite misses the angel. You closely miss the angel.
The angel is almost dead.
You miss the angel. Your bite misses the angel. You miss the angel.
The angel is almost dead.
The angel falters for a moment.
The angel gestures.
The angel is healed somewhat.
You spin and attack the angel repeatedly.
You puncture the angel! You freeze the angel.
You bite the angel, but do no damage. You barely miss the angel.
The angel is severely wounded.
You impale the angel!! You freeze the angel.
You kill the angel!
The Council accepts your kill.
An Orb Guardian comes into view.
The Orb Guardian moves out of view.
There is an open gate here.
There is a staircase leading out of the dungeon here.
You have escaped!

#☼°.######## ##'○'##
##ß...ß## ##.......##
♣#####....X....#####♣
♣.......ß...ß.......♣
♣♣......°.§§§......♣♣
♣♣.....○○○○○......♣
♣♣....ß○@°ß..♣♣♣♣♣
♣♣♣..°☼○☼○♣♣♣
♣♣♣♣♣☼♣♣♣ ♣♣♣


There were no monsters in sight!

Vanquished Creatures
  A seraph (D:1)
  2 dread liches (Zot:5)
  4 ancient liches (Zot:5)
  Mara (Vaults:2)
  Mennas (Vaults:2)
  5 orbs of fire
  A juggernaut (Depths:4)
  Josephina (Zot:3)
  The ghost of Jyfueq the Conqueror, a master GrHu of Okawaru (Zot:4)
  Boris (Vaults:5)
  Margery (Vaults:5)
  6 Killer Klowns (Zot:5)
  3 curse toes
  7 caustic shrikes
  9 golden dragons
  Nikola (Elf:3)
  The ghost of RobotCleanerRider the Marksgoblin, an adept CoHu of Ashenzari (Depths:4)
  4 bone dragons
  A Hell Sentinel (D:1)
  3 electric golems
  Zenata (Elf:2)
  13 tentacled monstrosities
  A walking crystal tome (Depths:3)
  2 liches
  26 Orb Guardians
  Asterion (Elf:2)
  2 deep elf master archers (Elf:3)
  6 deep elf blademasters
  A walking earthen tome (Depths:2)
  6 titans
  6 sphinxes
  A searing wretch (Vaults:5)
  The ghost of kasel the Bludgeoner, an adept OnGl of Gozag (Swamp:1)
  8 quicksilver dragons
  10 death cobs
  Frances (D:12)
  10 storm dragons
  Donald (Elf:2)
  13 nagarajas
  16 shadow dragons
  7 tengu reavers
  Roxanne (Swamp:4)
  4 draconian shifters
  8 draconian monks
  7 draconian knights
  10 fire giants
  5 protean progenitors
  Louise (Elf:2)
  10 frost giants
  2 iron dragons
  26 vault wardens
  2 draconian scorchers
  5 deep elf sorcerers
  3 ghost moths
  5 orc warlords
  10 deep elf elementalists (Elf:3)
  An angel (D:1)
  3 draconian stormcallers
  3 curse skulls (Zot:2)
  25 ironbound preservers
  9 ironbound thunderhulks
  A formless jellyfish (Vaults:2)
  11 very ugly things
  A draconian annihilator (Zot:2)
  The ghost of tlatlagkaus the Carver, a journeyman CoWr of Makhleb (Swamp:1)
  Nessos (Lair:4)
  15 stone giants
  7 black draconians
  3 green draconians
  15 dire elephants
  8 deep elf death magi
  6 deep elf demonologists
  3 eleionomae
  A minotaur (Gauntlet)
  9 purple draconians
  5 deep elf annihilators
  10 white draconians
  7 yellow draconians
  3 war gargoyles
  10 bunyips
  14 red draconians
  3 spark wasps (Depths:2)
  A blizzard demon (Zot:1)
  The ghost of Kaofanam the Nimble, a journeyman DjFE of Makhleb (D:12)
  6 fire dragons
  A jiangshi (Vaults:3)
  12 ettins
  3 shambling mangroves
  10 ice dragons
  18 yaktaur captains
  5 deep elf high priests
  Fannar (D:12)
  3 rakshasas
  3 salamander tyrants
  18 hydras
  13 anacondas
  8 great orbs of eyes
  12 ironbound frosthearts
  37 vault guards
  5 ogre magi
  4 peacekeepers (Vaults:4)
  3 spriggan air magi
  5 ghost crabs
  2 hell beasts
  9 alligators
  A catoblepas (D:13)
  Erica (D:8)
  14 two-headed ogres
  37 dancing weapons
  7 centaur warriors
  4 tengu warriors
  6 boulder beetles
  11 deep troll shamans
  5 deep troll earth magi
  7 death yaks (IceCv)
  3 occultists (Depths:3)
  A shock serpent (shapeshifter) (Vaults:4)
  4 spriggan berserkers
  3 orc high priests
  18 naga warriors
  3 thrashing horrors (Lair:5)
  13 shock serpents
  17 naga sharpshooters
  5 hell knights
  4 skysharks
  2 soul eaters (Depths:2)
  A skyshark (shapeshifter) (Vaults:4)
  19 deep elf knights
  A shadow wraith (Vaults:5)
  5 iron trolls
  A sixfirhy (Gauntlet)
  3 salamander mystics
  9 goliath frogs
  6 glowing orange brains
  69 deep trolls
  5 sea snakes (Snake:4)
  9 mana vipers
  3 death drakes (Zot:1)
  2 flayed ghosts
  A large abomination (Lair:5)
  6 naga ritualists
  A skeletal warrior (Vaults:3)
  4 bog bodies
  A spriggan druid (Swamp:4)
  29 ironbound convokers
  9 arcanists
  6 thermic dynamos
  An orange crystal statue (Depths:1)
  8 swamp dragons
  35 deep elf zephyrmancers
  22 deep elf archers
  2 necromancers (Vaults:5)
  4 harpies (Vaults:3)
  A steelbarb worm (shapeshifter) (Vaults:5)
  12 orc knights
  7 phantasmal warriors
  32 deep elf pyromancers
  5 lindwurms
  2 will-o-the-wisps
  24 ugly things
  An orc sorcerer (Orc:2)
  2 cyclopes
  15 elephants
  4 shining eyes (Zot:2)
  3 meliai (D:15)
  25 salamanders
  6 manticores
  2 kobold blastminers (Orc:2)
  An apocalypse crab (Gauntlet)
  2 ice statues
  25 moths of wrath
  27 naga magi
  13 guardian serpents
  32 black mambas
  24 vault sentinels
  4 smoke demons (Lair:5)
  A torpor snail (shapeshifter) (Vaults:5)
  3 gargoyles
  An unseen horror (D:11)
  6 komodo dragons
  10 cane toads
  3 tengu conjurers (Depths:3)
  3 efreet
  4 freezing wraiths
  12 rime drakes
  39 yaktaurs
  Psyche (D:12)
  An ice devil (Zot:3)
  A merfolk (Zot:5)
  12 trolls
  4 polar bears (IceCv)
  A bloated husk (Swamp:3)
  5 tyrant leeches
  Grinder (D:6)
  Prince Ribbit (Bailey)
  2 glass eyes (Zot:2)
  8 hornets
  25 blink frogs
  A raiju (Lair:5)
  A raiju (shapeshifter) (Vaults:5)
  25 slime creatures
  A jumping spider (shapeshifter) (Elf:2)
  2 draconian simulacra (Zot:3)
  6 shadows (Gauntlet)
  5 spriggans
  Sigmund (D:3)
  6 wyverns
  3 air elementals
  18 fire elementals
  4 wraiths
  5 water elementals
  A vampire (D:12)
  A ynoxinul (Lair:5)
  9 basilisks
  33 yaks
  17 golden eyes (Zot:2)
  4 humans (Bailey)
  A neqoxec (Zot:2)
  15 vampire mosquitoes
  5 wargs
  A redback (shapeshifter) (Vaults:5)
  Menkaure (D:5)
  3 chaos spawn (Lair:5)
  71 nagas
  14 swamp worms
  A swamp worm (shapeshifter) (Vaults:2)
  10 water moccasins
  3 acid dragons
  4 hell hounds (Depths:2)
  Duvessa (D:6)
  6 swamp drakes
  An ice beast (shapeshifter) (Vaults:5)
  A moth of wrath simulacrum (Zot:3)
  45 orc warriors
  A sky beast (D:7)
  A crocodile (shapeshifter) (Elf:1)
  5 black bears
  A deep troll simulacrum (Vaults:2)
  9 ice beasts
  10 ogres
  23 wolves
  14 centaurs
  A phantom (D:5)
  2 kobold brigands
  Blork the orc (D:5)
  2 earth elementals
  5 gnoll sergeants
  16 bullfrogs
  12 small abominations (Lair:5)
  2 scorpions
  Dowan (D:6)
  5 wights
  2 jellies
  3 howler monkeys
  A bombardier beetle (D:4)
  2 hounds (D:6)
  3 lava snakes (Lair:2)
  2 gnoll boudas (D:9)
  27 orc priests
  A sleepcap (D:8)
  5 hell rats (Lair:3)
  3 iguanas
  Natasha (thrice) (D:3)
  23 orc wizards
  37 gnolls
  A river rat (D:11)
  10 adders
  4 white imps
  4 ufetubi (Gauntlet)
  3 ribbon worms
  6 dart slugs
  87 orcs
  3 bats
  10 endoplasms
  A giant cockroach (D:4)
  9 hobgoblins
  5 jackals
  14 kobolds
  7 quokkas
  3 training dummies (Orc:1)
  14 ball pythons
  9 goblins
  5 rats
  3 aspiring fleshes
  2 spectral weapons (Elf:2)
2231 creatures vanquished.

Vanquished Creatures (collateral kills)
  A bunyip (Swamp:4)
  A hornet (Swamp:4)
  A blink frog (Lair:4)
3 creatures vanquished.

Vanquished Creatures (others)
  A lich (Depths:3)
  A death cob (Zot:4)
  A frost giant (Depths:3)
  A vault warden (Vaults:1)
  A shadow dragon simulacrum (Zot:3)
  2 bloated husks (Swamp:1)
  A tyrant leech (Swamp:2)
  A centaur (D:13)
9 creatures vanquished.

Grand Total: 2243 creatures vanquished

Notes
Turn   | Place    | Note
-------+----------+-------------------------------------------
     0 | D:1      | Dhd the Vine Stalker Brigand began the quest for the Orb.
     0 | D:1      | Reached XP level 1. HP: 11/11 MP: 2/2
   142 | D:1      | Reached XP level 2. HP: 15/15 MP: 3/3
   512 | D:1      | Reached XP level 3. HP: 19/19 MP: 4/4
  1084 | D:2      | Identified the +0 pair of gloves "Buqigus" {rPois rCorr
                  | MP-9 Dex+2}
  1312 | D:2      | Reached XP level 4. HP: 21/23 MP: 5/5
  1945 | D:3      | Noticed Sigmund
  2054 | D:3      | Noticed Natasha
  2578 | D:4      | Found a basalt altar of Yredelemnul.
  2623 | D:4      | Reached XP level 5. HP: 28/28 MP: 6/6
  2684 | D:4      | Found a staircase to the Ecumenical Temple.
  2689 | Temple   | Entered the Ecumenical Temple
  2748 | D:4      | Reached skill level 1 in Shields
  2825 | D:4      | Found a sacrificial altar of Ru.
  2997 | D:4      | Identified 2 scrolls of acquirement
  2997 | D:4      | Acquired the +3 buckler of the Blacksmith {Rampage rPois
                  | rC+ Str+4}
  3013 | D:4      | Acquired the +2 rapier of the Hills {vamp, rPois rC+ Will+}
  3471 | D:3      | Killed Natasha
  3472 | D:3      | Reached XP level 6. HP: 31/33 MP: 7/7
  3550 | D:3      | Killed Sigmund
  3551 | D:3      | Reached skill level 3 in Shields
  3648 | D:3      | Noticed Natasha
  3659 | D:3      | Killed Natasha
  3878 | D:3      | Noticed Natasha
  3891 | D:3      | Killed Natasha
  3892 | D:3      | Reached XP level 7. HP: 35/37 MP: 8/8
  4081 | D:5      | Entered Level 5 of the Dungeon
  4094 | D:5      | Noticed Menkaure
  4097 | D:5      | Killed Menkaure
  4098 | D:5      | Reached skill level 4 in Shields
  4134 | D:5      | Noticed Blork the orc
  4159 | D:5      | Killed Blork the orc
  4160 | D:5      | Reached skill level 1 in Dodging
  4160 | D:5      | Reached skill level 5 in Stealth
  4186 | D:5      | Found Seigen's Antique Armour Emporium.
  4188 | D:5      | Found Kofoc's Armour Boutique.
  4244 | D:5      | Found Sismeith's Antique Armour Shoppe.
  4290 | D:5      | Found Xuh Ukam's Weapon Shop.
  4523 | D:5      | Gained mutation: You have razor-sharp teeth. [Vine Stalker
                  | growth]
  4523 | D:5      | Reached XP level 8. HP: 42/42 MP: 9/9
  4682 | D:5      | Reached skill level 5 in Shields
  4744 | D:5      | Found a shimmering altar of Xom.
  4892 | D:5      | Found an ornate altar of the Wu Jian Council.
  4900 | D:5      | Became a worshipper of the Wu Jian Council
  4969 | D:5      | Found Fout Ymy's Assorted Antiques.
  4995 | D:5      | Bought a scroll of identify for 48 gold pieces
  4995 | D:5      | Bought a scroll of vulnerability for 96 gold pieces
  4995 | D:5      | Bought a scroll labelled QORPHI LUMIHEH for 24 gold pieces
  4995 | D:5      | Bought a scroll of identify for 48 gold pieces
  5104 | D:5      | Reached skill level 5 in Fighting
  5104 | D:5      | Reached skill level 5 in Short Blades
  5330 | D:5      | Found Busopnun's Neck Hole.
  5708 | D:6      | Noticed Duvessa
  5708 | D:6      | Noticed Dowan
  6073 | D:6      | Noticed Grinder
  6109 | D:6      | Reached skill level 1 in Evocations
  6498 | D:7      | Reached XP level 9. HP: 33/48 MP: 5/10
  6816 | D:7      | Reached * piety under Wu Jian
  7245 | D:8      | Identified the +10 hand axe of Slimy Valour {freeze, Str+2}
  7429 | D:8      | Noticed Erica
  7452 | D:8      | Reached skill level 1 in Armour
  7452 | D:8      | Reached skill level 1 in Spellcasting
  7488 | D:8      | Found a broken altar of Ashenzari.
  7502 | D:8      | Killed Erica
  7724 | D:8      | Found a flagged portal.
  7731 | D:8      | Reached XP level 10. HP: 42/53 MP: 6/15
  7745 | Bailey   | Entered a bailey
  7858 | Bailey   | Reached ** piety under Wu Jian
  7977 | Bailey   | Noticed a vault guard
  7977 | Bailey   | Noticed Prince Ribbit
  7986 | Bailey   | Noticed a vault guard
  8014 | Bailey   | Killed a vault guard
  8099 | Bailey   | Killed a vault guard
  8102 | Bailey   | Killed Prince Ribbit
  8533 | D:6      | Killed Dowan
  8538 | D:6      | Killed Duvessa
  8602 | D:6      | Killed Grinder
  8866 | D:9      | Found a staircase to the Orcish Mines.
  9045 | D:9      | Reached XP level 11. HP: 54/60 MP: 14/18
  9071 | D:9      | Found a white marble altar of Elyvilon.
  9222 | D:9      | Found a glowing silver altar of Zin.
  9224 | D:9      | Found an iron altar of Okawaru.
  9225 | D:9      | Found a shadowy altar of Dithmenos.
  9233 | D:9      | Found a glowing golden altar of the Shining One.
  9236 | D:9      | Found a hide-covered altar of Uskayaw.
  9238 | D:9      | Found an opulent altar of Gozag.
  9242 | D:9      | Found a blossoming altar of Fedhas.
  9313 | D:9      | Found Desakac's Antique Armour Shop.
  9466 | D:9      | Found Xotheoppu's Magic Scroll Shoppe.
  9622 | D:5      | Bought a scarf of resistance for 384 gold pieces
  9749 | D:10     | Entered Level 10 of the Dungeon
  9996 | D:10     | Reached *** piety under Wu Jian
 11035 | D:11     | Reached skill level 5 in Evocations
 11064 | D:11     | Found a staircase to the Lair.
 11071 | D:11     | Noticed a two-headed ogre
 11106 | D:11     | Killed a two-headed ogre
 11255 | D:11     | Reached skill level 5 in Dodging
 11265 | D:11     | Reached skill level 5 in Armour
 11353 | D:11     | Noticed a cyclops
 11373 | D:11     | Reached **** piety under Wu Jian
 11681 | D:11     | Killed a cyclops
 11807 | Lair:1   | Entered Level 1 of the Lair of Beasts
 11940 | Lair:1   | Reached XP level 12. HP: 65/66 MP: 19/19
 12010 | Lair:1   | Reached skill level 5 in Spellcasting
 12463 | Lair:1   | Reached skill level 10 in Short Blades
 12802 | Lair:2   | Found a staircase to the Swamp.
 12802 | Lair:2   | Noticed an alligator
 12899 | Lair:2   | Noticed a skyshark
 12925 | Lair:2   | Reached skill level 10 in Fighting
 13222 | Lair:2   | Killed a skyshark
 13352 | Lair:2   | Found a staircase to the Snake Pit.
 13850 | Lair:3   | Reached ***** piety under Wu Jian
 13895 | Lair:3   | Found a frozen archway.
 13902 | IceCv    | Entered an ice cave
 13969 | IceCv    | Noticed a death yak
 13981 | IceCv    | Noticed a death yak
 14010 | IceCv    | Killed a death yak
 14011 | IceCv    | Killed a death yak
 14012 | IceCv    | Reached XP level 13. HP: 73/73 MP: 23/23
 14094 | IceCv    | Noticed a frost giant
 14106 | IceCv    | Killed a frost giant
 14130 | IceCv    | Found the +4 skin of Zhor {*Englaciate rC+++ SInv}
 14142 | IceCv    | Got the Codex of Graupel
 15140 | Lair:3   | Identified the ring of Joy {Will+ MP+9 Str+4 Int+2}
 15152 | Lair:3   | Identified the +10 sling of Parts Unknown {elec, +Blink
                  | rCorr}
 15326 | Lair:4   | Noticed Nessos
 15361 | Lair:4   | Killed Nessos
 15362 | Lair:4   | Reached XP level 14. HP: 79/79 MP: 25/25
 16126 | Lair:5   | Entered Level 5 of the Lair of Beasts
 16422 | Lair:5   | Found a staircase to the Slime Pits.
 16422 | Lair:5   | Found a viscous altar of Jiyva.
 17524 | Lair:5   | Found a corrupted altar of Lugonu.
 17524 | Lair:5   | Found a one-way gate to the infinite horrors of the Abyss.
 17752 | Lair:5   | Found a viscous altar of Jiyva.
 17752 | Lair:5   | Found a staircase to the Slime Pits.
 18185 | Lair:5   | Found a corrupted altar of Lugonu.
 18185 | Lair:5   | Found a one-way gate to the infinite horrors of the Abyss.
 18720 | D:5      | Bought an amulet of regeneration for 360 gold pieces
 18896 | D:9      | Bought a scroll of teleportation for 39 gold pieces
 18896 | D:9      | Bought a scroll of blinking for 97 gold pieces
 18896 | D:9      | Bought a scroll of identify for 26 gold pieces
 18896 | D:9      | Bought a scroll of revelation for 97 gold pieces
 18896 | D:9      | Bought a scroll of identify for 26 gold pieces
 18896 | D:9      | Bought a scroll of identify for 26 gold pieces
 19321 | D:12     | Noticed Fannar
 19336 | D:12     | Reached XP level 15. HP: 84/84 MP: 28/28
 19339 | D:12     | Killed Fannar
 19369 | D:12     | Noticed Psyche
 19372 | D:12     | Killed Psyche
 19536 | D:12     | Identified the +2 robe of the Devil {rElec Str-4 Dex+3}
 19660 | D:12     | Found a runed translucent door.
 19660 | D:12     | Noticed Kaofanam's ghost (journeyman DjFE)
 19836 | D:12     | Noticed Frances
 19858 | D:12     | Killed Frances
 20068 | D:12     | Killed Kaofanam's ghost
 20171 | Orc:1    | Entered Level 1 of the Orcish Mines
 20218 | Orc:1    | Found Ajewic's Firing Range.
 20625 | Orc:1    | Noticed an orc warlord
 20655 | Orc:1    | Killed an orc warlord
 20680 | Orc:1    | Reached skill level 6 in Shields
 20812 | Orc:1    | Found a roughly hewn altar of Beogh.
 20922 | Orc:2    | Entered Level 2 of the Orcish Mines
 21036 | Orc:2    | Found a staircase to the Elven Halls.
 21246 | Orc:2    | Found a roughly hewn altar of Beogh.
 21247 | Orc:2    | Found Mahoqaru's General Store.
 21283 | Orc:2    | Bought a scroll of identify for 22 gold pieces
 21370 | Orc:2    | Found a roughly hewn altar of Beogh.
 21400 | Orc:2    | Found Luohox's Weapon Shop.
 21652 | Orc:2    | Noticed an orc warlord
 21654 | Orc:2    | Found Fiukheih's Antique Armour Shop.
 21664 | Orc:2    | Found a roughly hewn altar of Beogh.
 21673 | Orc:2    | Killed an orc warlord
 21685 | Orc:2    | Found Uwkacisit's Antique Weapon Boutique.
 21777 | Orc:2    | Found a roughly hewn altar of Beogh.
 21830 | Orc:2    | Bought a runed quick blade for 486 gold pieces
 21978 | Orc:2    | Bought a brightly glowing chain mail for 313 gold pieces
 21978 | Orc:2    | Identified the +0 chain mail of Quole {+Inv rCorr Dex-2}
                  | (You bought it in a shop on level 2 of the Orcish Mines)
 22177 | D:13     | Found a gate leading to a gauntlet.
 22228 | Gauntlet | Entered a Gauntlet
 22228 | Gauntlet | Found a transporter.
 22228 | Gauntlet | Found a transporter.
 22248 | Gauntlet | Found a transporter.
 22248 | Gauntlet | Found a transporter.
 22254 | Gauntlet | Found a transporter.
 22273 | Gauntlet | Found a transporter.
 22279 | Gauntlet | Found a large runed translucent door.
 22280 | Gauntlet | Found a transporter.
 22280 | Gauntlet | Found a large runed translucent door.
 22282 | Gauntlet | Found a runed translucent gate.
 22283 | Gauntlet | Found a transporter.
 22286 | Gauntlet | Found a transporter.
 22290 | Gauntlet | Found a runed translucent gate.
 22290 | Gauntlet | Found a runed translucent gate.
 22292 | Gauntlet | Found a large runed translucent door.
 22293 | Gauntlet | Found a large runed translucent door.
 22305 | Gauntlet | Found a large runed translucent door.
 22305 | Gauntlet | Found a large runed translucent door.
 22306 | Gauntlet | Found a large runed translucent door.
 22306 | Gauntlet | Found a large runed translucent door.
 22313 | Gauntlet | Found a transporter.
 22316 | Gauntlet | Found a large runed translucent door.
 22316 | Gauntlet | Found a large runed translucent door.
 22316 | Gauntlet | Found a runed translucent door.
 22316 | Gauntlet | Found a runed translucent door.
 22317 | Gauntlet | Found a large runed translucent door.
 22318 | Gauntlet | Found a large runed translucent door.
 22320 | Gauntlet | Found a transporter.
 22338 | Gauntlet | Found a transporter.
 22372 | Gauntlet | Found a transporter.
 22391 | Gauntlet | Found a transporter.
 22486 | Gauntlet | Found a transporter.
 22500 | Gauntlet | Found a transporter.
 22517 | Gauntlet | Found a large runed translucent door.
 22517 | Gauntlet | Found a large runed translucent door.
 22518 | Gauntlet | Found a large runed translucent door.
 22519 | Gauntlet | Found a large runed translucent door.
 22661 | Gauntlet | Identified the +2 chain mail of Wesisag {Rampage rPois
                  | rCorr Int-5}
 22723 | Gauntlet | Identified the ring "Haecem" {rPois rN+ Will+ Str+2 Int-3}
 22801 | Gauntlet | Got the Handbook of the Singularity
 23090 | D:13     | Reached skill level 7 in Shields
 23137 | D:13     | Found a gate to the Vaults.
 23983 | D:14     | Reached XP level 16. HP: 90/90 MP: 29/29
 24363 | D:15     | Entered Level 15 of the Dungeon
 24465 | D:15     | Found a staircase to the Depths.
 24546 | D:15     | Reached skill level 8 in Shields
 25599 | Orc:2    | Bought a pair of runed gloves for 247 gold pieces
 25784 | Swamp:1  | Entered Level 1 of the Swamp
 25817 | Swamp:1  | Found a runed translucent gate.
 25817 | Swamp:1  | Found a runed translucent gate.
 25948 | Swamp:1  | Found the +8 orange crystal plate armour {Archmagi, Int+3
                  | Clar}
 26147 | Swamp:1  | Found a runed translucent gate.
 26194 | Swamp:1  | Identified the +3 chain mail "Hiefrubb" {-Cast Rampage
                  | rElec Int-3}
 26397 | Swamp:1  | Noticed tlatlagkaus's ghost (journeyman CoWr)
 26398 | Swamp:1  | Noticed kasel's ghost (adept OnGl)
 26399 | Swamp:1  | Found the +2 pair of slick slippers {slick, slippery, EV+4}
 26731 | Swamp:2  | You fall into a shaft and drop 1 floor!
 26884 | Swamp:3  | Reached skill level 10 in Spellcasting
 26900 | Swamp:3  | Reached XP level 17. HP: 90/97 MP: 32/32
 27348 | Swamp:4  | Entered Level 4 of the Swamp
 27406 | Swamp:4  | Reached skill level 9 in Shields
 27421 | Swamp:4  | Reached skill level 10 in Dodging
 27443 | Swamp:4  | Reached skill level 10 in Shields
 27507 | Swamp:4  | Got a decaying rune of Zot
 27539 | Swamp:4  | Reached ****** piety under Wu Jian
 27712 | Swamp:4  | Noticed Roxanne
 27757 | Swamp:4  | Killed Roxanne
 28364 | Swamp:2  | Reached XP level 18. HP: 102/102 MP: 33/33
 28539 | Snake:1  | Entered Level 1 of the Snake Pit
 28946 | Snake:1  | Acquired the +5 gold dragon scales of Gestures {rPois rF+
                  | rC+ rCorr Int-4 Dex+5}
 29441 | Snake:2  | You fall into a shaft and drop 1 floor!
 29453 | Snake:3  | Found Jewn's Assorted Antiques.
 29491 | Snake:3  | Reached skill level 15 in Fighting
 29605 | Snake:3  | Reached XP level 19. HP: 108/108 MP: 34/34
 29768 | Snake:3  | Reached skill level 10 in Evocations
 29918 | Snake:3  | Reached skill level 10 in Armour
 29921 | Snake:3  | Reached skill level 11 in Shields
 29937 | Snake:4  | Entered Level 4 of the Snake Pit
 30002 | Snake:4  | Reached skill level 12 in Shields
 30004 | Snake:4  | Found Sossuj's Distillery.
 30013 | Snake:4  | Found Rootituf's Antique Armour Emporium.
 30013 | Snake:4  | Found Leacza's Book Shoppe.
 30018 | Snake:4  | Found Eterokk's Book Shoppe.
 30096 | Snake:4  | HP: 5/108 [naga sharpshooter/arrow (11)]
 30096 | Snake:4  | HP: 2/108 [constriction (3)]
 30428 | Snake:4  | Bought a potion of might for 84 gold pieces
 30797 | Snake:4  | Got a jade gem with 223 turns to spare
 30806 | Snake:4  | Got a serpentine rune of Zot
 30953 | Snake:2  | Reached skill level 13 in Shields
 30954 | Snake:2  | Reached XP level 20. HP: 114/114 MP: 35/35
 31132 | Snake:2  | Found a blossoming altar of Fedhas.
 31362 | Snake:2  | Got Edyag's Papyrus of Blasts
 31386 | Snake:2  | Identified the +11 shortbow of Ignis's Whim {heavy, ^Contam
                  | rElec rCorr Int+5}
 31716 | D:9      | Bought a scroll of enchant weapon for 97 gold pieces
 31810 | Orc:2    | Bought a scroll of enchant weapon for 82 gold pieces
 31810 | Orc:2    | Bought a potion of haste for 110 gold pieces
 31863 | Elf:1    | Entered Level 1 of the Elven Halls
 32049 | Elf:1    | Reached skill level 14 in Shields
 32212 | Elf:1    | Found Jisasm's Book Emporium.
 32332 | Elf:1    | Got Tikkuoph's Discourse on Arrival
 32516 | Elf:1    | Paralysed by an air elemental for 1 turns
 32852 | Swamp:1  | Killed tlatlagkaus's ghost
 32856 | Swamp:1  | Killed kasel's ghost
 33118 | Elf:2    | Noticed Louise
 33157 | Elf:2    | Killed Louise
 33265 | Elf:2    | Identified the +7 hand axe "Haval" {heavy, MP+9 Dex+2}
 33461 | Elf:2    | Reached XP level 21. HP: 120/120 MP: 36/36
 33581 | Elf:2    | Found Gairew's Book Shop.
 33643 | Elf:2    | Noticed Donald
 33649 | Elf:2    | Killed Donald
 33657 | Elf:2    | Found the +8 pair of quick blades "Gyre" and "Gimble"
                  | {protect}
 33887 | Elf:2    | Noticed Zenata
 33915 | Elf:2    | Killed Zenata
 33958 | Elf:2    | Found a runed translucent gate.
 33959 | Elf:2    | Found a runed translucent gate.
 33959 | Elf:2    | Found a runed translucent gate.
 34071 | Elf:2    | Noticed Asterion
 34097 | Elf:2    | Killed Asterion
 34129 | Elf:2    | Reached skill level 10 in Stealth
 34355 | Elf:2    | Identified the blade talisman of Wypib {rC+ Will+ Dex+3
                  | SInv}
 34471 | Elf:3    | Entered Level 3 of the Elven Halls
 34619 | Elf:3    | Found Tivoy's Book Boutique.
 34621 | Elf:3    | Found Qyixuur's Armour Shop.
 34624 | Elf:3    | Found Ciferuqy's Distillery.
 34632 | Elf:3    | Bought a potion of might for 80 gold pieces
 34632 | Elf:3    | Bought a potion of might for 80 gold pieces
 34810 | Elf:3    | Noticed Nikola
 34819 | Elf:3    | Killed Nikola
 35138 | Elf:3    | Reached skill level 15 in Shields
 35252 | Elf:3    | Identified the ring "Zajode" {rPois rF- Str+6 Slay+3}
 35340 | Elf:3    | Identified the +1 pair of boots of Greed {+Inv rPois rF+
                  | MP+9}
 35362 | Elf:3    | Found the +16 obsidian axe {drain, demonic, Mesm ^Drain Fly
                  | SInv}
 35362 | Elf:3    | Found the +8 trishula "Condemnation" {holy, anguish, *Noise
                  | Fly rN+}
 35376 | Elf:3    | Got Lom Lobon's Parchment of Striking
 35380 | Elf:3    | Identified the staff of Exquisite Death {rPois rC+ rN+
                  | Int-2 Dex+3 Ice}
 35383 | Elf:3    | Identified the +0 leather armour of Woptiapt {-Tele rPois
                  | rC- Str+6}
 35397 | Elf:3    | Identified the +0 triple crossbow of Quick Death {freeze,
                  | Str+3 Int-4 Dex+3}
 35401 | Elf:3    | Identified the +6 short sword of the Old World {speed,
                  | +Blink Str+6 Int-4 Stlth+}
 35411 | Elf:3    | Acquired a +1 quick blade of electrocution
 36137 | Snake:4  | Bought a potion of cancellation for 168 gold pieces
 36428 | Orc:2    | Bought a scroll of acquirement for 572 gold pieces
 36441 | Orc:2    | Acquired 908 gold pieces
 36633 | Vaults:1 | Entered Level 1 of the Vaults
 36726 | Vaults:1 | Reached XP level 22. HP: 126/126 MP: 39/39
 36857 | Vaults:1 | You fall into a shaft and drop 1 floor!
 36890 | Vaults:2 | Found Vawkyelace's Distillery.
 36893 | Vaults:2 | Bought a potion of resistance for 190 gold pieces
 36893 | Vaults:2 | Bought a potion of cancellation for 152 gold pieces
 36893 | Vaults:2 | Bought a potion of invisibility for 152 gold pieces
 37046 | Vaults:2 | Reached skill level 16 in Shields
 37139 | Vaults:2 | Found Nanaogi's Weapon Boutique.
 37398 | Vaults:2 | Noticed Mara
 37414 | Vaults:2 | Killed Mara
 37469 | Vaults:2 | Found Xovoa's Book Shoppe.
 37550 | Vaults:2 | Noticed Mennas
 37573 | Vaults:2 | Killed Mennas
 37707 | Vaults:2 | Identified the +0 ring mail of the Moon Troll {-Cast rCorr
                  | Str+5}
 38181 | Vaults:3 | Found Quppurch's Armour Shoppe.
 38209 | Vaults:3 | Found a staircase to the Crypt.
 38534 | Vaults:3 | Reached XP level 23. HP: 94/130 MP: 41/41
 38605 | Vaults:3 | Identified the +3 ring mail of Henotheism {rCorr Str+4}
 39072 | Vaults:3 | Identified the ring "Loogopn" {rElec rN+}
 39685 | Vaults:4 | Reached skill level 17 in Shields
 39861 | Vaults:4 | Found a portal to a secret trove of treasure.
 40700 | Vaults:1 | Found Kurgh's Book Shoppe.
 40734 | Vaults:1 | Reached skill level 18 in Shields
 41640 | Depths:1 | Entered Level 1 of the Depths
 41713 | Depths:1 | Reached XP level 24. HP: 131/136 MP: 42/42
 41735 | Depths:1 | Found a gateway to Hell.
 42241 | Depths:1 | Found a shimmering blue altar of Sif Muna.
 42915 | Depths:2 | Found a hide-covered altar of Uskayaw.
 42979 | Depths:2 | Reached skill level 15 in Spellcasting
 43566 | Depths:2 | Found a one-way gate leading to the halls of Pandemonium.
 43701 | Depths:3 | Found a one-way gateway to a ziggurat.
 43705 | Depths:3 | Noticed a caustic shrike
 43708 | Depths:3 | Noticed a caustic shrike
 43708 | Depths:3 | Noticed a caustic shrike
 43709 | Depths:3 | Reached skill level 15 in Armour
 43709 | Depths:3 | Noticed a caustic shrike
 43710 | Depths:3 | Killed a caustic shrike
 43710 | Depths:3 | Killed a caustic shrike
 43711 | Depths:3 | Killed a caustic shrike
 43714 | Depths:3 | Killed a caustic shrike
 43926 | Depths:3 | Reached skill level 19 in Shields
 44006 | Depths:3 | Found a corrupted altar of Lugonu.
 44008 | Depths:3 | You fall into a shaft and drop 1 floor!
 44008 | Depths:4 | Entered Level 4 of the Depths
 44215 | Depths:4 | Noticed a juggernaut
 44217 | Depths:4 | Killed a juggernaut
 44273 | Depths:4 | Found a gate to the Realm of Zot.
 44295 | Depths:4 | Reached XP level 25. HP: 101/123 MP: 43/43
 44513 | Depths:4 | Found a runed translucent door.
 44514 | Depths:4 | Noticed RobotCleanerRider's ghost (adept CoHu)
 44557 | Depths:4 | Killed RobotCleanerRider's ghost
 44761 | Depths:4 | Found a corrupted altar of Lugonu.
 45291 | Depths:3 | Identified the +4 sling of Waitwod {elec, rN++ Str+2}
 45621 | Vaults:5 | Entered Level 5 of the Vaults
 45624 | Vaults:5 | Identified the amulet of the Devil's Advocate {Regen+
                  | Dex+5}
 45640 | Vaults:5 | Identified the +8 quarterstaff of the Real Monster {venom,
                  | rN+ Int+3 Dex+3}
 45794 | Vaults:5 | Noticed Margery
 45803 | Vaults:5 | Killed Margery
 45810 | Vaults:5 | Identified the ring of Punam {Fly rN+ Str+2}
 45815 | Vaults:5 | Reached skill level 20 in Shields
 45834 | Vaults:5 | Identified the +12 broad axe of the Realm of Zot {freeze,
                  | rElec rC+ Str+2}
 45929 | Vaults:5 | Reached skill level 15 in Dodging
 46057 | Vaults:5 | Got a silver rune of Zot
 46127 | Vaults:5 | Identified the +4 robe of Xugraydwo {SInv}
 46127 | Vaults:5 | Noticed Boris
 46144 | Vaults:5 | Killed Boris
 46261 | Vaults:5 | Reached XP level 26. HP: 145/145 MP: 45/45
 47334 | Zot:1    | Entered Level 1 of the Realm of Zot
 48446 | Zot:2    | Found the amulet of the Air {Inacc Air Fly rElec RMsl}
 48536 | Zot:2    | Noticed an orb of fire
 48556 | Zot:2    | Gained mutation: You have hidden genetic defects. [an orb
                  | of fire]
 48570 | Zot:2    | Killed an orb of fire
 48582 | Zot:2    | Lost mutation: You have hidden genetic defects. [potion of
                  | mutation]
 48582 | Zot:2    | Gained mutation: Your mind is acute. (Int +4, Str/Dex -1)
                  | [potion of mutation]
 48582 | Zot:2    | Gained mutation: You are agile. (Dex +4, Str/Int -1)
                  | [potion of mutation]
 49049 | Zot:2    | Gained mutation: You are weak. (Str -2) [a shining eye]
 49162 | Zot:2    | Gained mutation: Your magical capacity is low. (-10% MP) [a
                  | shining eye]
 49168 | Zot:2    | Lost mutation: You are agile. (Dex +4, Str/Int -1) [potion
                  | of mutation]
 49168 | Zot:2    | Lost mutation: Your magical capacity is low. (-10% MP)
                  | [potion of mutation]
 49168 | Zot:2    | Lost mutation: Your mind is acute. (Int +4, Str/Dex -1)
                  | [potion of mutation]
 49168 | Zot:2    | Gained mutation: You are dopey. (Int -2) [potion of
                  | mutation]
 49168 | Zot:2    | Gained mutation: You are strong-willed. (Will+) [potion of
                  | mutation]
 49168 | Zot:2    | Gained mutation: You are partially covered in iridescent
                  | scales. (AC +2) [potion of mutation]
 49743 | Zot:3    | Reached XP level 27. HP: 129/149 MP: 46/46
 49838 | Zot:3    | Identified the ring "Nufaaz" {Ice Dex+7}
 49838 | Zot:3    | Noticed Josephina
 49849 | Zot:3    | Killed Josephina
 49859 | Zot:3    | Reached skill level 21 in Shields
 50366 | Zot:4    | Found a runed translucent door.
 50370 | Zot:4    | Noticed Jyfueq's ghost (master GrHu)
 50399 | Zot:4    | Killed Jyfueq's ghost
 50406 | Zot:4    | Identified the staff of Dishonour {rC+ Will- Str+2 Conj}
 50686 | Zot:5    | Entered Level 5 of the Realm of Zot
 50686 | Zot:5    | Found a transporter.
 50780 | Zot:5    | Noticed an orb of fire
 50784 | Zot:5    | Noticed an orb of fire
 50792 | Zot:5    | Gained mutation: You occasionally lose the ability to drink
                  | potions when taking damage. [an orb of fire]
 50793 | Zot:5    | Noticed an orb of fire
 50794 | Zot:5    | Gained mutation: Your spells are a little harder to cast,
                  | but a little more powerful. [an orb of fire]
 50795 | Zot:5    | Killed an orb of fire
 50795 | Zot:5    | Killed an orb of fire
 50796 | Zot:5    | Reached skill level 22 in Shields
 50800 | Zot:5    | Killed an orb of fire
 50801 | Zot:5    | Noticed an ancient lich
 50806 | Zot:5    | Killed an ancient lich
 50819 | Zot:5    | Found a transporter.
 50823 | Zot:5    | Found a transporter.
 50840 | Zot:5    | Found a transporter.
 50841 | Zot:5    | Noticed an ancient lich
 50842 | Zot:5    | Found a transporter.
 50845 | Zot:5    | Killed an ancient lich
 50845 | Zot:5    | Noticed a dread lich
 50852 | Zot:5    | Killed a dread lich
 51037 | Zot:5    | Found a transporter.
 51113 | Zot:5    | Lost mutation: You occasionally lose the ability to drink
                  | potions when taking damage. [potion of mutation]
 51113 | Zot:5    | Lost mutation: You are strong-willed. (Will+) [potion of
                  | mutation]
 51113 | Zot:5    | Lost mutation: You are dopey. (Int -2) [potion of mutation]
 51113 | Zot:5    | Gained mutation: You have sharp toenails. [potion of
                  | mutation]
 51113 | Zot:5    | Gained mutation: You are vulnerable to heat. (rF-) [potion
                  | of mutation]
 51113 | Zot:5    | Gained mutation: You are agile. (Dex +4, Str/Int -1)
                  | [potion of mutation]
 51114 | Zot:5    | Lost mutation: You have sharp toenails. [potion of
                  | mutation]
 51114 | Zot:5    | Lost mutation: You are agile. (Dex +4, Str/Int -1) [potion
                  | of mutation]
 51114 | Zot:5    | Lost mutation: You are partially covered in iridescent
                  | scales. (AC +2) [potion of mutation]
 51114 | Zot:5    | Gained mutation: You have an increased reservoir of magic.
                  | (+10% MP) [potion of mutation]
 51114 | Zot:5    | Gained mutation: You occasionally lose the ability to read
                  | scrolls when taking damage. [potion of mutation]
 51114 | Zot:5    | Lost mutation: You are weak. (Str -2) [potion of mutation]
 51115 | Zot:5    | Lost mutation: Your spells are a little harder to cast, but
                  | a little more powerful. [potion of mutation]
 51115 | Zot:5    | Lost mutation: You occasionally lose the ability to read
                  | scrolls when taking damage. [potion of mutation]
 51115 | Zot:5    | Lost mutation: You have an increased reservoir of magic.
                  | (+10% MP) [potion of mutation]
 51115 | Zot:5    | Gained mutation: You are agile. (Dex +4, Str/Int -1)
                  | [potion of mutation]
 51115 | Zot:5    | Gained mutation: You have hidden genetic potential. [potion
                  | of mutation]
 51116 | Zot:5    | Lost mutation: You are vulnerable to heat. (rF-) [potion of
                  | mutation]
 51116 | Zot:5    | Lost mutation: You are agile. (Dex +4, Str/Int -1) [potion
                  | of mutation]
 51116 | Zot:5    | Lost mutation: You have hidden genetic potential. [potion
                  | of mutation]
 51116 | Zot:5    | Gained mutation: Your magical capacity is low. (-10% MP)
                  | [potion of mutation]
 51116 | Zot:5    | Gained mutation: You possess an exceptional clarity of
                  | mind. [potion of mutation]
 51116 | Zot:5    | Gained mutation: You are resistant to electric shocks.
                  | (rElec) [potion of mutation]
 51167 | Zot:5    | Noticed an orb of fire
 51170 | Zot:5    | Killed an orb of fire
 51176 | Zot:5    | Noticed an ancient lich
 51178 | Zot:5    | Noticed an ancient lich
 51178 | Zot:5    | Killed an ancient lich
 51179 | Zot:5    | Noticed a dread lich
 51181 | Zot:5    | Killed an ancient lich
 51183 | Zot:5    | Killed a dread lich
 51188 | Zot:5    | Reached skill level 23 in Shields
 51251 | Zot:5    | Identified the +4 dagger of Blood-Lust {freeze, Str+6}
 51447 | Zot:5    | Got the Orb of Zot
 51933 | D:5      | Noticed Basso the pandemonium lord
 51962 | D:3      | Noticed Kaghedij the pandemonium lord
 52016 | D:1      | Noticed a seraph
 52025 | D:1      | Killed a seraph
 52043 | D:$      | Escaped with the Orb!

Illustrated notes

Levels and vault maps discovered:
D:1:      kennysheep_arrival_forest, layout_basic
D:2:      layout_basic
D:3:      layout_basic, nicolae_figureground_pulse, uniq_sigmund, uniq_natasha
D:4:      kennysheep_spiral_hall, layout_cave_pools, yredelemnul_altar_generic,
          hangedman_ru_absence, temple_doors_ab
D:5:      layout_basic, mainiacjoe_overflow_cross_hatched,
          regret_index_xom_buried_treasure, nicolae_shop_national_dungeon_mall,
          nicolae_shop_sticking_my_neck_out, uniq_blork_the_orc, uniq_menkaure
D:6:      layout_basic, uniq_duvessa, uniq_grinder
D:7:      layout_rooms, amcnicky_mini_pool_small, hex_medium
D:8:      layout_basic, mainiacjoe_overflow_alcove_2, enter_bailey_7,
          nicolae_concentric_dashed_squares_wild, minmay_tree_intersection,
          uniq_erica
D:9:      layout_small_grid, nicolae_overflow_hallway_of_the_gods, orc_0_dummy,
          serial_shops, nicolae_shop_rolled_up, shop
D:10:     layout_irregular_city
D:11:     layout_loops_ring, dpeg_lair_monsters
D:12:     layout_loops_cross, hellmonk_ghost_happy_afterlife, uniq_fannar,
          uniq_frances, uniq_psyche
D:13:     layout_irregular_city, david_vaults_2, serial_column_ruins,
          column_ruins_hut_ruined, column_ruins_hut, column_ruins_grid_1,
          column_ruins_columns_straight, column_ruins_open_tiny,
          column_ruins_open_small_water, gauntlet_entry_generic
D:14:     layout_basic, minmay_misc_feat_rows,
          serial_library_hellmonk_semicircle
D:15:     grunt_enter_depths_giant_problem, layout_loops_ring, serial_rivers,
          chequers_serial_rivers_micro_d, chequers_serial_rivers_room_b,
          chequers_serial_rivers_room_b, chequers_serial_rivers_micro_b,
          ice2_lemuel
Temple:   kb_temple_of_zot
Lair:1:   layout_regular_city
Lair:2:   layout_chaotic_city, mainiacjoe_swamp_entry_lozenge_pond,
          nicolae_snake_entry_warm_welcome
Lair:3:   layout_roguey, portal_ice_cave_entry_pillars_2, minmay_lindwurm_lava,
          grunt_megastairs_2
Lair:4:   layout_loops_ring, uniq_nessos
Lair:5:   hellmonk_lair_end_abyssal_woods, layout_loops_ring, slime_entry_1,
          minmay_hedge_maze, st_stairs_4, fungi_pond_lemuel,
          chequers_serial_rivers_room_b, hangedman_lair_generics_rect
Swamp:1:  layout_basic_swamp, gammafunk_ghost_cemetery,
          evilmike_swamp_ruin_house_4
Swamp:2:  layout_basic_swamp, nicolae_swamp_ascending_descending,
          nicolae_swamp_decorative_isthmus
Swamp:3:  layout_basic_swamp, hangedman_swamp_ruin_wall,
          nicolae_swamp_long_stream, nicolae_swamp_tree_isthmus
Swamp:4:  swamp_alternative, layout_basic_swamp, swamp_pool_3, uniq_roxanne
Snake:1:  layout_gridlike, special_room, nicolae_triple_integral
Snake:2:  layout_rooms, basic_altar, nicolae_snake_storage_room
Snake:3:  layout_grid_shapes, serial_shops, nicolae_shop_tiny_waterfront,
          st_stairs_11, serial_library_regret_index_split_case, evilmike_ambush
          [evilmike_ambush_outer_pillars, evilmike_ambush_inner_basic]
Snake:4:  grunt_snake_rune_pools, layout_onion_interference, minmay_shoptagon
Orc:1:    layout_caves, special_room [special_room_orc],
          nicolae_shop_firing_range
Orc:2:    grunt_orc_community_town_hall, layout_diamond_mine,
          grunt_orc_community_big_house_1, grunt_orc_community_big_house_2,
          grunt_orc_community_house_3, grunt_orc_community_house_2,
          grunt_orc_community_house_1, grunt_orc_community_house_3
Elf:1:    elf_arrival_002, layout_rooms, serial_shops, shop,
          minmay_elf_demonology, grunt_ministairs_8,
          roderic_lattice_octagonal_star
Elf:2:    nicolae_elf_blades_crystal_corner, layout_onion_city, serial_shops,
          nicolae_shop_rolling_square, drop_trap, hangedman_elf_simple_split,
          corner_web_ring, hellmonk_guarded_unrand_gyre_and_gimble, uniq_donald,
          uniq_asterion, uniq_louise, uniq_zenata
Elf:3:    elf_hall, layout_gridlike, minmay_shop_star, uniq_nikola
Vaults:1: nicolae_vaults_shelves_hall, nicolae_vaults_offset_grid_hallway_2,
          nicolae_vaults_diagonal_hallway_7, v_misc_29, hangedman_vaults_trim,
          v_misc_3, v_rooms_5, nicolae_vaults_double_plus_2,
          vaults_room_stairs_pillars, vaults_room_fours,
          nicolae_vaults_network_quinsquares
          [nicolae_vaults_network_quincunx_subvault,
          nicolae_vaults_network_quincunx_subvault,
          nicolae_vaults_network_quincunx_subvault,
          nicolae_vaults_network_quincunx_subvault], nicolae_vaults_apartment_2,
          nicolae_vaults_trapezoid_3, nicolae_vaults_crenellated_ambush,
          layout_vaults_omnicross, serial_shops, nicolae_book_shop_shelving
Vaults:2: hangedman_vaults_capsules, serial_ice_g, v_misc_12,
          nicolae_vaults_oval_intersection, v_alt_pattern_5,
          nicolae_vaults_weapon_check, nicolae_vaults_wine_cellar,
          hangedman_vaults_river_flow, nicolae_vaults_security_offices_1,
          nicolae_vaults_double_plus_1, layout_vaults_chaotic_city,
          serial_shops, nicolae_shop_real_fake_doors, shop,
          nicolae_shop_tiny_statue_garden, uniq_mennas, uniq_mara
Vaults:3: vaults_mumra_minichess_inversion, minmay_crypt_entry_simple_corners,
          nicolae_vaults_taking_the_gang_shopping, nicolae_vaults_heist,
          nicolae_vaults_hallways_thing, nicolae_vaults_trapezoid_lopsided_2,
          nicolae_vaults_diamond_1, nicolae_vaults_house_2, st_eye, v_misc_2,
          nicolae_vaults_cochlea, nicolae_vaults_oval_intersection,
          vaults_room_door_ring, nicolae_vaults_rhombus_6,
          nicolae_vaults_closet_pinwheel_2, nicolae_vaults_trapezoid_lopsided_3,
          vaults_room_fours, layout_vaults_maze_bifur
Vaults:4: grunt_vaults_funnel, v_rooms_5, ontoclasm_vaults_twist,
          nicolae_vaults_big_angled_halls, vaults_mumra_chevron_long,
          nicolae_vaults_network_square, nicolae_vaults_shrinking_rooms_2,
          hangedman_vaults_cutoff, nicolae_vaults_diamond_1,
          nicolae_vaults_more_shelving_1, nicolae_vaults_tetromino_L_1,
          nicolae_vaults_an_arrangement, layout_vaults_ring,
          trove_entry_hex_spiral
Vaults:5: uniq_boris, uniq_margery
Depths:1: layout_honeycomb, abyss_entry, grunt_mini_vestibule,
          hellmonk_sif_muna_bookshelves, dpeg_stationary_puzzle,
          grunt_megastairs_5
Depths:2: nicolae_cairo_tiling, layout_twisted_cross,
          nicolae_uskayaw_dance_hall, hangedman_tar_grid_catacomb,
          grunt_pan_entry_in_and_out, infiniplex_staircase_river
Depths:3: minmay_tri_stars, layout_cave_pools, enter_ziggurat_b, hell_entry,
          minmay_misc_feat_enclosed, abyss_entry_flame_altar,
          minmay_staircase_windowed_small
Depths:4: grunt_zot_entry_gee_three, layout_gridlike, gammafunk_ghost_grave,
          minmay_misc_feat_chi, hell_entry, minmay_misc_feat_square,
          tgw_lugonu_bribe
Zot:1:    layout_concentric_octagons, grunt_ministairs_3,
          regret_index_zotdec_twisting_globes
Zot:2:    lemuel_firehouse, layout_onion_interference,
          regret_index_zotdec_abyssal_contain_seething_sorcery,
          hellmonk_body_bag
Zot:3:    layout_cellular_growth, regret_index_zotdec_magical_s, uniq_josephina
Zot:4:    layout_misc_corridors, ebering_ghost_inner_flame
Zot:5:    layout_misc_corridors, serial_nicolae_subway,
          nicolae_sub_station_metal, nicolae_sub_station_crystal,
          nicolae_sub_station_stone

Skill      XL: |  1  2  3  4  5  6  7  8  9 10 11 12 13 14 15 16 17 18 19 20 21 22 23 24 25 26 27 |
---------------+----------------------------------------------------------------------------------+-----
Fighting       | 2 3 4 6 8 9 10 11 12 14 15 16 17 | 17.0
Throwing       | 2 |  2.0
Short Blades   | 2 3 4 6 8 9 10 13 14 | 14.0
Shields        | 1 3 4 5 7 8 10 13 14 15 16 18 19 20 23 | 23.3
Dodging        | 1 2 3 5 6 8 9 10 13 14 15 16 17 | 17.6
Stealth        | 5 7 8 9 10 12 | 12.0
Evocations     | 1 4 5 6 7 8 9 10 11 12 13 14 | 14.0
Armour         | 2 4 5 6 8 9 11 12 13 14 15 16 17 18 | 18.0
Spellcasting   | 2 4 6 8 10 12 13 14 15 17 18 | 18.0

Action                     |  1- 3 |  4- 6 |  7- 9 | 10-12 | 13-15 | 16-18 | 19-21 | 22-24 | 25-27 || total
---------------------------+-------+-------+-------+-------+-------+-------+-------+-------+-------++-------
  Melee: Dagger            |    53 |   112 |       |       |       |       |       |       |       ||   165
         Bite              |    16 |    35 |   107 |   389 |   964 |   643 |   953 |  1720 |  1907 ||  6734
         Rapier            |       |    42 |   302 |  1056 |  1973 |       |       |       |       ||  3373
         Quick blade       |       |       |       |       |   235 |  1783 |  2595 |  3641 |  3886 || 12140
         Pair of quick bla |       |       |       |       |       |       |    58 |       |       ||    58
  Throw: Dart              |    17 |    33 |    32 |    29 |    28 |       |       |       |       ||   139
         Stone             |     2 |     9 |       |       |       |       |       |       |       ||    11
         Javelin           |       |       |       |       |     2 |     5 |       |       |       ||     7
 Invoke: Heavenly Storm    |       |       |       |     1 |     3 |     2 |     8 |     4 |     7 ||    25
         Serpent's Lash    |       |       |       |       |     2 |     3 |     6 |     4 |     5 ||    20
Ability: Lunge             |       |       |    30 |    56 |   133 |   106 |   176 |   127 |   146 ||   774
         Whirlwind         |       |       |     1 |   311 |   624 |   264 |   474 |   707 |   671 ||  3052
         Wall Jump         |       |       |       |     1 |       |       |       |       |     1 ||     2
  Evoke: Wand              |       |       |     5 |    22 |     3 |       |       |     1 |     6 ||    37
         Phantom mirror    |       |       |       |     1 |     3 |       |     1 |       |       ||     5
         Box of beasts     |       |       |       |       |       |     1 |       |       |       ||     1
         Lightning rod     |       |       |       |       |       |       |       |     3 |       ||     3
    Use: Scroll            |     1 |     6 |    11 |     9 |    15 |     6 |    15 |       |    12 ||    75
         Potion            |       |       |       |     1 |     2 |     1 |     3 |     1 |    10 ||    18
   Stab: Distracted        |     1 |       |     2 |     2 |     5 |     4 |     6 |     4 |     6 ||    30
         Sleeping          |     2 |     3 |     1 |     5 |    12 |    14 |    15 |    29 |    11 ||    92
         Paralysed         |       |       |     3 |     7 |     4 |       |       |       |       ||    14
         Petrifying        |       |       |       |       |     2 |       |       |       |       ||     2
         Petrified         |       |       |       |       |     2 |       |       |       |       ||     2
 Armour: Leather armour    |    19 |    77 |    70 |       |       |       |       |       |       ||   166
         Robe              |     1 |       |       |       |       |       |       |       |       ||     1
         Ring mail         |       |       |    41 |    96 |       |       |       |       |       ||   137
         Troll leather arm |       |       |       |   165 |     8 |       |       |       |       ||   173
         Plate armour      |       |       |       |    28 |       |       |       |       |       ||    28
         Animal skin       |       |       |       |       |   281 |   180 |   140 |       |       ||   601
         Crystal plate arm |       |       |       |       |       |    32 |       |       |       ||    32
         Chain mail        |       |       |       |       |       |       |   121 |   334 |   311 ||   766
  Dodge: Dodged            |    12 |    40 |    64 |   481 |   664 |   278 |   383 |   401 |   374 ||  2697
  Block: Buckler           |    10 |    31 |    79 |   317 |   387 |   175 |   204 |       |       ||  1203
         Tower shield      |       |       |       |       |       |       |   207 |  1262 |  1213 ||  2682

Table legend: (Time is in decaauts)
 A = Elapsed time spent in this place.
 B = Non-inter-level travel time spent in this place.
 C = Inter-level travel time spent in this place.
 D = Time resting spent in this place.
 E = Time spent auto-exploring this place.
 F = Levels seen in this place.
 G = Mean time per level.
                   A        B        C        D        E       F      G
               +--------+--------+--------+--------+--------+-----+--------+
         Total |  50987 |  43745 |   7242 |   2525 |  24071 |  51 |  999.7 |
       Dungeon |  16685 |  13356 |   3329 |    819 |   6313 |  15 | 1112.3 |
        Temple |      7 |      4 |      3 |      0 |      0 |   1 |    7.0 |
          Lair |   6613 |   5719 |    894 |    471 |   3631 |   5 | 1322.6 |
         Swamp |   3037 |   2668 |    369 |    172 |   1532 |   4 |  759.2 |
     Snake Pit |   3131 |   2740 |    391 |    210 |   1602 |   4 |  782.8 |
  Orcish Mines |   2322 |   1596 |    726 |     21 |    869 |   2 | 1161.0 |
   Elven Halls |   3377 |   3085 |    292 |    169 |   1506 |   3 | 1125.7 |
        Vaults |   6294 |   5644 |    650 |     35 |   3712 |   5 | 1258.8 |
        Depths |   3836 |   3543 |    293 |    125 |   2577 |   4 |  959.0 |
           Zot |   4081 |   3787 |    294 |    279 |   1886 |   5 |  816.2 |
        Bailey |    480 |    480 |      0 |    166 |     25 |   1 |  480.0 |
      Ice Cave |    540 |    540 |      0 |     41 |    164 |   1 |  540.0 |
      Gauntlet |    579 |    579 |      0 |     15 |    252 |   1 |  579.0 |
               +--------+--------+--------+--------+--------+-----+--------+

Top non-repeatable levels by time:
  Lair:5: 2227 daAuts
     D:5: 1673 daAuts
   Orc:2: 1487 daAuts
    D:11: 1485 daAuts
   Elf:2: 1412 daAuts
Vaults:5: 1369 daAuts
Vaults:4: 1354 daAuts
  Lair:2: 1337 daAuts
     D:9: 1325 daAuts
  Lair:1: 1315 daAuts
     D:3: 1250 daAuts
Vaults:1: 1216 daAuts
   Zot:2: 1192 daAuts
Vaults:2: 1192 daAuts
Vaults:3: 1161 daAuts
